 Dungeon Crawl Stone Soup version 0.28.0-53-g5a82cb258f (webtiles) character file.

Game seed: 5332212597675260029

45 Ijustatesigmund the Stinger (level 3, 0/21 HPs)
             Began as an Octopode Venom Mage on July 18, 2022.
             Slain by an adder (2 damage)
             ... on level 2 of the Dungeon.
             The game lasted 00:05:56 (2014 turns).

Ijustatesigmund the Stinger (Octopode Venom Mage)   Turns: 2014, Time: 00:05:57

Health: 0/21       AC:  1    Str:  7    XL:     3   Next: 64%
Magic:  4/6        EV: 13    Int: 19    God:
Gold:   17         SH:  0    Dex: 12    Spells: 1/7 levels left

rFire   . . .      SeeInvis .   d - +3 dagger
rCold   . . .      Faith    .   (no shield)
rNeg    . . .      Spirit   .   (helmet restricted)
rPois   .          Reflect  .   (no amulet)
rElec   .          Harm     .   b - ring of flight
rCorr   .          Rampage  .   (no ring)
Will    .....                   (no ring)
Stlth   +++.......              (no ring)
HPRegen 0.07/turn               (no ring)
MPRegen 0.10/turn               (no ring)
                                (no ring)
                                (no ring)

@: flying
A: almost no armour, amphibious, 8 rings, camouflage 1, gelatinous body 1,
(nimble swimmer 1), tentacles
a: no special abilities


You were on level 2 of the Dungeon.
You visited 1 branch of the dungeon, and saw 2 of its levels.

You collected 17 gold pieces.

Inventory:

Hand Weapons
 d - a +3 dagger (weapon)
Jewellery
 b - a ring of flight (left tentacle)
Scrolls
 a - a scroll of teleportation
Potions
 e - a potion of flight


   Skills:
 - Level 2.0 Dodging
 - Level 2.6 Stealth
 + Level 2.6 Spellcasting
 * Level 0.4 Conjurations
 + Level 1.9 Transmutations
 * Level 0.4 Air Magic
 - Level 4.2 Poison Magic


You had one spell level left.
You knew the following spells:

 Your Spells              Type           Power      Damage    Failure   Level
a - Sting                 Tmut/Pois      56%        1d5       4%          1
b - Poisonous Vapours     Pois/Air       22%        N/A       10%         2
c - Mephitic Cloud        Conj/Pois/Air  8%         N/A       24%         3

Your spell library contained the following spells:

 Spells                   Type           Power      Damage    Failure   Level
 Olgreb's Toxic Radiance  Pois           18%        N/A       28%         4


Dungeon Overview and Level Annotations

Branches:
Dungeon (2/15)

Altars:

Shops:
D:1 :


Innate Abilities, Weirdness & Mutations

You cannot wear most types of armour.
You are amphibious.
You can wear up to eight rings at the same time.
Your skin changes colour to match your surroundings (Stealth+).
Your rubbery body absorbs attacks. (AC +1, EV +1)
((You are camouflaged when in or above water. (Stealth+)))
You have tentacles for arms and can constrict up to eight enemies at once.


Message History

You constrict the kobold, but do no damage.
The kobold closely misses you.
You hit the kobold. Your squeeze misses the kobold.
The kobold is severely wounded.
You constrict the kobold, but do no damage.
The kobold closely misses you.
The endoplasm quivers.
You hit the kobold.
You kill the kobold!
A kobold comes into view. It is wielding a +0 dagger.
The kobold shouts!
You hit the endoplasm.
The endoplasm is heavily wounded.
An adder comes into view.
The endoplasm hits you.
You hit the endoplasm.
The endoplasm is heavily wounded.
The endoplasm freezes you.
You are frozen.
You hit the endoplasm.
You kill the endoplasm!
You hit the kobold. Your grab misses the kobold.
The kobold is heavily wounded.
The kobold barely misses you.
You hit the kobold.
You kill the kobold!
Casting: Sting (safe; 4% risk of failure)
Confirm with . or Enter, or press ? or * to list all spells.
Aiming: Poisonous Vapours (safe; 10% risk of failure)
Press: ? - help, Dir - move target, f - adder
Aim: an adder Poisonous vapours surround the adder!
The adder is poisoned.
The adder bites you. x2
* * * LOW HITPOINT WARNING * * *
You closely miss the adder. Your grab misses the adder.
Your squeeze misses the adder. The adder misses you.
You closely miss the adder. Your grab misses the adder. The adder bites you.
* * * LOW HITPOINT WARNING * * *
You miss the adder. Your grab misses the adder. The adder bites you.
You die...

.# .## . ... .###..#
..#.. .. .......
.......#.....#
#.#.#..#S#...J
#.#.#..#@#..K ###.
.......#.#..# ....
#.#.#..#.#.<# .....
#.#.#..#.#..#
##..###.#.#.†#.#..##.#.
#......................
##......................
..>.....#####....#.#####
.#.#.##.# ###.#.##.#


You could see an adder (poisoned).

Vanquished Creatures
  4 bats
  5 endoplasms
  A giant cockroach (D:1)
  7 goblins (D:1)
  7 hobgoblins (D:1)
  6 kobolds
  A quokka (D:1)
  4 ball pythons (D:1)
  2 frilled lizards (D:1)
  2 rats (D:1)
39 creatures vanquished.

Notes
Turn   | Place    | Note
-------+----------+-------------------------------------------
     0 | D:1      | Ijustatesigmund the Octopode Venom Mage began the quest for
                  | the Orb.
     0 | D:1      | Reached XP level 1. HP: 11/11 MP: 3/3
   175 | D:1      | Reached XP level 2. HP: 17/17 MP: 3/5
   178 | D:1      | Learned a level 2 spell: Poisonous Vapours
   368 | D:1      | Reached skill level 4 in Poison Magic
   896 | D:1      | Reached XP level 3. HP: 21/21 MP: 3/6
   985 | D:1      | Learned a level 3 spell: Mephitic Cloud
  1128 | D:1      | Found Pamadown's Book Shop.
  2014 | D:2      | Slain by an adder

Illustrated notes

Levels and vault maps discovered:
D:1:      zaba_arrival_water, layout_loops_ring, serial_shops, shop
D:2:      layout_loops_ring

Skill      XL: |  1  2 |
---------------+-------+-----
Poison Magic   | 4 |  4.2
Dodging        | |  2.0
Stealth        | |  2.6
Spellcasting   | |  2.6
Conjurations   | |  0.4
Transmutations | |  1.9
Air Magic      | |  0.4

Action                   || total
-------------------------++-------
Melee: Unarmed           ||    14
       Tentacles         ||     8
       Constrict         ||    10
       Dagger            ||    35
       Trident           ||     1
 Cast: Sting             ||    35
       Poisonous Vapours ||     2
  Use: Scroll            ||     3
 Stab: Sleeping          ||     4
Armor: Skin              ||     1
Dodge: Dodged            ||    23
